 Dungeon Crawl Stone Soup version 0.28.0 (webtiles) character file.

Game seed: 6994740075498154210

191 browni3141 the Chopper (level 5, -2/47 HPs)
             Began as a Minotaur Berserker on Feb 15, 2022.
             Was a Believer of Trog.
             Killed from afar by an orc wizard (6 damage)
             ... with a puff of flame
             ... on level 3 of the Dungeon.
             The game lasted 00:01:19 (3537 turns).

browni3141 the Chopper (Minotaur Berserker)         Turns: 3537, Time: 00:01:20

Health: -2/47      AC:  2    Str: 24    XL:     5   Next: 42%
Magic:  4/4        EV: 10    Int:  4    God:    Trog [**....]
Gold:   131        SH:  0    Dex:  9    Spells: 4/4 levels left

rFire   . . .      SeeInvis .   a - +0 hand axe
rCold   . . .      Faith    .   i - +0 kite shield
rNeg    . . .      Spirit   .   b - +0 animal skin
rPois   .          Reflect  .   (helmet restricted)
rElec   .          Harm     .   (no cloak)
rCorr   .          Rampage  .   (no gloves)
Will    .....                   (no boots)
Stlth   +.........              (no amulet)
HPRegen 0.15/turn               (no ring)
MPRegen 0.09/turn               (no ring)

@: confused
A: horns 2, retaliatory headbutt
a: Renounce Religion, Berserk, Trog's Hand


You were on level 3 of the Dungeon.
You worshipped Trog.
Trog was pleased with you.
You visited 1 branch of the dungeon, and saw 3 of its levels.

You collected 131 gold pieces.

Inventory:

Hand Weapons
 a - a +0 hand axe (weapon)
Armour
 b - a +0 animal skin (worn)
 i - a +0 kite shield (worn)
Jewellery
 k - a ring of resist corrosion
Scrolls
 d - a scroll of teleportation {unknown}
 f - 2 scrolls of identify {unknown}
 j - 2 scrolls of enchant weapon {unknown}
Potions
 c - a potion of ambrosia {unknown}
 e - 2 potions of haste {unknown}
 g - a potion of brilliance {unknown}
 h - 4 potions of curing {unknown}
 l - a potion of might {unknown}
 m - a potion of magic {unknown}
 n - a potion of attraction {unknown}


   Skills:
 + Level 4.6 Fighting
 + Level 4.6 Axes
 + Level 3.9 Armour
 - Level 2.6 Dodging
 * Level 3.1 Shields


You had 4 spell levels left.
You didn't know any spells.
Your spell library was empty.

Dungeon Overview and Level Annotations

Branches:
Dungeon (3/15)

Altars:


Innate Abilities, Weirdness & Mutations

You have a pair of horns on your head.
You reflexively headbutt those who attack you in melee.


Message History

You hit the orc.
The orc is almost dead.
You block the orc's attack. The orc barely misses you. You furiously retaliate!
You headbutt the orc, but do no damage.
There are monsters nearby!
You hit the orc.
You kill the orc!
Trog accepts your kill.
A magic dart appears from out of thin air!
The magic dart hits you! Something hits you.
The orc hits you from afar with a +0 trident!
Items here: )) [ †.
An orc is nearby!
You hit something but do no damage. You headbutt something. Something hits you.
The orc barely misses you.
A kobold comes into view. It is wielding a +0 dagger.
You barely miss something. Your headbutt misses something. Something hits you.
You block the orc's attack. Something hits you.
You completely miss something. The orc hits you but does no damage.
You hear some strange, mumbled words.
You are confused.
The orc hits you from afar with a +0 trident.
You are too confused!
You bump into the rock wall.
Something hits you.
* * * LOW HITPOINT WARNING * * *
The orc barely misses you.
You are too injured to fight recklessly!
Unknown command.
You are too confused!
You are too injured to fight recklessly!
You bump into the rock wall.
Something hits you.
* * * LOW HITPOINT WARNING * * *
The orc hits you from afar with a +0 trident!
* * * LOW HITPOINT WARNING * * *
You completely miss something.
You hear some strange, mumbled words.
A puff of flame appears from out of thin air!
The puff of flame hits you.
You die...

## ##. #K.
#o# #{# #@#
#.# ##.# #..#
#..# ######
#..# #....#
#).# #....#
#..# #....#
#####..######
#####


You could see an orc and a kobold.

Vanquished Creatures
  An orc wizard (D:3)
  9 adders
  2 worms (D:2)
  3 dart slugs (D:1)
  6 orcs (D:3)
  6 ball pythons
  3 bats
  7 endoplasms
  4 giant cockroaches
  9 goblins
  3 hobgoblins
  2 quokkas
  3 kobolds
  11 rats
69 creatures vanquished.

Notes
Turn   | Place    | Note
-------+----------+-------------------------------------------
     0 | D:1      | browni3141 the Minotaur Berserker began the quest for the
                  | Orb.
     0 | D:1      | Reached XP level 1. HP: 19/19 MP: 0/0
   303 | D:1      | Reached XP level 2. HP: 27/27 MP: 1/1
  1048 | D:2      | Found a faded altar of an unknown god.
  1137 | D:2      | Reached XP level 3. HP: 26/33 MP: 2/2
  1212 | D:2      | Reached skill level 1 in Shields
  1345 | D:2      | Reached ** piety under Trog
  2063 | D:3      | Reached XP level 4. HP: 34/40 MP: 3/3
  2493 | D:3      | Reached XP level 5. HP: 33/47 MP: 4/4
  3537 | D:3      | Killed from afar by an orc wizard

Illustrated notes

Levels and vault maps discovered:
D:1:      matt_arrival_los_fun, layout_basic
D:2:      layout_basic, chequers_ecumenical_altar_simple
D:3:      minmay_razor_zed, layout_rooms, serial_curves, eino_curves_01,
          eino_curves_04, nrook_mini_vaults

Skill      XL: |  1  2  3  4  5 |
---------------+----------------+-----
Axes           | 4 |  4.6
Fighting       | 4 |  4.6
Armour         | 3 |  3.9
Shields        | 1 2 3 |  3.1
Dodging        | |  2.6

Action                   |  1- 3 |  4- 6 || total
-------------------------+-------+-------++-------
Melee: Hand axe          |    78 |    69 ||   147
       Headbutt          |    10 |     4 ||    14
Invok: Berserk           |       |     1 ||     1
 Stab: Sleeping          |     2 |       ||     2
Armor: Animal skin       |    15 |    15 ||    30
Dodge: Dodged            |    39 |    36 ||    75
Block: Kite shield       |    21 |    27 ||    48
